 Dungeon Crawl Stone Soup version 0.20-a0-1126-g0f15420 (webtiles) character file.

35 HAL9000 the Slasher (level 3, -2/21 HPs)
             Began as a Gargoyle Gladiator on May 17, 2017.
             Slain by Crazy Yiuf
             ... wielding a +4 quarterstaff of chaos
              (11 damage)
             ... on level 2 of the Dungeon.
             The game lasted 00:02:01 (1302 turns).

HAL9000 the Slasher (Gargoyle Gladiator)            Turns: 1302, Time: 00:02:02

Health: -2/21      AC:  7    Str: 18    XL:     3   Next: 35%
Magic:  3/3        EV: 12    Int:  8    God:
Gold:   78         SH:  4    Dex: 11    Spells: 2/2 levels left

rFire    . . .     SeeInvis .   a - +0 long sword
rCold    . . .     Gourm    +   i - +0 buckler
rNeg     + . .     Faith    .   b - +0 leather armour
rPois    ∞         Spirit   .   c - +0 helmet
rElec    +         Reflect  .   (no cloak)
rCorr    .         Harm     .   (no gloves)
MR       .....                  (no boots)
Stlth    +.........             p - amulet of the gourmand
Regen    0.1/turn               (no ring)
MPRegen  0.1/turn               (no ring)

@: hasted, very quick
A: negative energy resistance 1, electricity resistance, unbreathing,
petrification resistance, rot immunity, AC +3
a: no special abilities


You were on level 2 of the Dungeon.
You were not hungry.

You visited 1 branch of the dungeon, and saw 2 of its levels.

You collected 78 gold pieces.

Inventory:

Hand Weapons
 a - a +0 long sword (weapon)
Armour
 b - a +0 leather armour (worn)
 c - a +0 helmet (worn)
 i - a +0 buckler (worn)
Jewellery
 p - an amulet of the gourmand (around neck)
Scrolls
 g - a scroll of enchant armour {unknown}
 h - a scroll of identify {unknown}
 o - a scroll of fear {unknown}
 q - a scroll of amnesia {unknown}
 s - a scroll of blinking {unknown}
Potions
 j - a potion of mutation {unknown}
 k - a potion of agility {unknown}
 l - a potion of flight {unknown}
 r - a potion of degeneration {unknown}
Comestibles
 f - 3 bread rations
 m - a royal jelly


   Skills:
 - Level 2.1 Fighting
 + Level 3.3 Long Blades
 - Level 1.7 Throwing
 - Level 2.4 Dodging
 + Level 2.1 Shields


You had 2 spell levels left.
You didn't know any spells.

Dungeon Overview and Level Annotations

Branches:
Dungeon (2/15)

Altars:

Annotations:
D:2 Crazy Yiuf


Innate Abilities, Weirdness & Mutations

You are resistant to torment.
Your stone body is resilient. (AC +3)
You are immune to poison.
You resist negative energy. (rN+)
You are resistant to electric shocks. (rElec)
You can survive without breathing.
You are immune to petrification.
You are immune to rotting.


Message History

You hit Crazy Yiuf but do no damage.
Crazy Yiuf is moderately wounded.
Crazy Yiuf hits you with a quarterstaff of chaos.
You feel yourself speed up.
You hit Crazy Yiuf.
Crazy Yiuf is moderately wounded.
Crazy Yiuf hits you with a quarterstaff of chaos.
You slash Crazy Yiuf!
Crazy Yiuf is almost dead.
Crazy Yiuf completely misses you.
You closely miss Crazy Yiuf.
Crazy Yiuf is almost dead.
Crazy Yiuf barely misses you.
You closely miss Crazy Yiuf.
Crazy Yiuf is almost dead.
You hit Crazy Yiuf but do no damage.
Crazy Yiuf is almost dead.
Crazy Yiuf hits you with a quarterstaff of chaos!
Ouch! That really hurt!
You die...

##### #)()# #)))#
))) #. ### #g# ...
..# ♣♣@♣ #..##.####
♣)♣♣ #......... ♣♣)♣
###.# #.# #. ♣)♣♣
#...###.###. ♣♣)♣♣
#.(......... ♣)..♣♣
#.#......### ♣....♣
#...###).### #....#
#...........
#....####.######....


You could see Crazy Yiuf.

Vanquished Creatures
  An ooze (D:1)
  3 dart slugs
  2 leopard geckos (D:1)
  A giant cockroach (D:1)
  3 hobgoblins (D:1)
  2 jackals (D:2)
  3 kobolds (D:1)
  2 bats (D:1)
  2 frilled lizards
  2 goblins (D:1)
  2 rats (D:1)
23 creatures vanquished.

Notes
Turn   | Place    | Note
-------+----------+-------------------------------------------
     0 | D:1      | HAL9000 the Gargoyle Gladiator began the quest for the Orb.
     0 | D:1      | Reached XP level 1. HP: 12/12 MP: 1/1
   683 | D:1      | Reached skill level 3 in Long Blades
   683 | D:1      | Reached XP level 2. HP: 16/17 MP: 2/2
   688 | D:1      | Reached skill level 1 in Shields
   788 | D:1      | Reached XP level 3. HP: 16/21 MP: 3/3
  1287 | D:2      | Found a runed door.
  1291 | D:2      | Noticed Crazy Yiuf
  1302 | D:2      | Slain by Crazy Yiuf

Vault maps used:
D:1:      dpeg_arrival_circle_labyrinth_c
D:2:      grunt_temple_overflow_gold_and_silver, uniq_crazy_yiuf_cottage

Skill      XL: |  1  2  3 |
---------------+----------+-----
Long Blades    | 3 |  3.3
Shields        | 1 2 |  2.1
Fighting       | |  2.1
Throwing       | |  1.7
Dodging        | |  2.4

Action                   || total
-------------------------++-------
Melee: Long sword        ||    86
Throw: Throwing net      ||     3
  Eat: Chunk             ||     6
Armor: Leather armour    ||    44
Dodge: Dodged            ||    60
Block: Buckler           ||    10
       Rpst.: Long sword ||    18
